 Seeded DCSS version 0.30-a0-304-gdc4b735fe1 (webtiles) character file.

Game seed: 4163564603779237368 (custom seed)

7960 Iusername the Fighter (level 11, -2/98 (101) HPs)
             Began as a Minotaur Fighter on Oct 20, 2022.
             Slain by a sixfirhy (11 damage)
             ... summoned by a kobold demonologist
             ... on level 10 of the Dungeon.
             The game lasted 00:17:08 (10999 turns).

Iusername the Fighter (Minotaur Fighter)           Turns: 10999, Time: 00:17:09

HP:   -2/98 (101)   AC: 19    Str: 25    XL:     11   Next: 3%
MP:   0/10          EV: 15    Int:  5    God:
Gold: 628           SH:  0    Dex: 14    Spells: 10/10 levels left

rFire   . . .      SeeInvis .    D - +4 battleaxe (venom)
rCold   . . .      Faith    .    (shield currently unavailable)
rNeg    . . .      Spirit   +    c - +1 plate armour
rPois   .          Reflect  .    r - +1 hat
rElec   .          Harm     .    B - +1 cloak {rCorr}
rCorr   +          Rampage  .    (no gloves)
Will    .....                    (no boots)
Stlth   ..........               b - amulet of guardian spirit
HPRegen 0.36/turn                x - ring of Gukej {EV+4 Dex+4}
MPRegen 0.12/turn                m - +4 ring of evasion

@: lightly drained
A: horns 2, retaliatory headbutt
a: no special abilities


You were on level 10 of the Dungeon.
You visited 1 branch of the dungeon, and saw 10 of its levels.

You collected 628 gold pieces.

Inventory:

Hand Weapons
 D - a +4 battleaxe of venom (weapon)
Missiles
 A - 4 throwing nets (quivered)
Armour
 c - a +1 plate armour (worn)
 r - a +1 hat (worn)
 B - a +1 cloak of preservation (worn)
Jewellery
 b - an amulet of guardian spirit (around neck)
 h - an amulet of the acrobat
 m - a +4 ring of evasion (right hand)
 t - a +6 ring of dexterity
 x - the ring of Gukej (left hand) {EV+4 Dex+4}
   (You acquired it on level 5 of the Dungeon)

   [ring of evasion]

   EV:        It affects your evasion (+4).
   Dex:       It affects your dexterity (+4).
 y - a ring of see invisible
 z - a ring of protection from cold
 F - a ring of positive energy
Wands
 f - a wand of quicksilver (25)
 p - a wand of flame (51)
 C - a wand of charming (10)
 G - a wand of polymorph (6)
Scrolls
 g - 5 scrolls of teleportation
 i - 2 scrolls of fog
 v - 2 scrolls of blinking
 E - a scroll of identify
Potions
 a - a potion of magic {unknown}
 d - 2 potions of might
 e - 10 potions of curing
 j - a potion of cancellation {unknown}
 k - 4 potions of ambrosia
 l - a potion of lignification
 n - 3 potions of brilliance
 o - a potion of resistance {unknown}
 q - 2 potions of haste
 u - 2 potions of flight {unknown}
 w - 2 potions of heal wounds {unknown}


   Skills:
 + Level 10.9 Fighting
 + Level 10.5 Axes
 + Level 10.9 Armour
 + Level 10.9 Shields


You had 10 spell levels left.
You didn't know any spells.
Your spell library contained the following spells:

 Spells                   Type           Power      Damage    Failure   Level
 Apportation              Tloc           0%         N/A       99%         1
 Cigotuvi's Dreadful Rot  Necr/Pois/Air  0%         N/A       100%        2
 Poisonous Vapours        Pois/Air       0%         N/A       100%        2
 Static Discharge         Conj/Air       0%         2-2/arc   100%        2
 Dazzling Flash           Conj/Hex       0%         N/A       100%        3
 Mephitic Cloud           Conj/Pois/Air  0%         N/A       100%        3
 Portal Projectile        Hex/Tloc       0%         N/A       100%        3
 Summon Guardian Golem    Hex/Summ       0%         N/A       100%        3
 Tukima's Dance           Hex            0%         N/A       100%        3
 Vhi's Electric Charge    Tloc/Air       0%         N/A       100%        3
 Anguish                  Hex/Necr       0%         N/A       100%        4
 Cause Fear               Hex            0%         N/A       100%        4
 Iskenderun's Mystic Bla  Conj/Tloc      0%         2d3       100%        4
 Alistair's Intoxication  Tmut/Pois      0%         N/A       100%        5
 Arcjolt                  Conj/Air       0%         1d10      100%        5
 Blade Hands              Tmut           0%         N/A       100%        5
 Lightning Bolt           Conj/Air       0%         1d11      100%        5
 Simulacrum               Ice/Necr       0%         N/A       100%        6
 Starburst                Conj/Fire      0%         6d3       100%        6
 Dragon Form              Tmut           0%         N/A       100%        7
 Dragon's Call            Summ           0%         N/A       100%        9


Dungeon Overview and Level Annotations

Branches:
Dungeon (10/15)            Temple (0/1) D:7            Lair (0/5) D:8
    Orc: D:9-12

Altars:
Cheibriados
Hepliaklqana
Kikubaaqudgha
Trog

Shops:
D:6 *


Innate Abilities, Weirdness & Mutations

You have a pair of horns on your head.
You reflexively headbutt those who attack you in melee.


Message History

You headbutt the kobold demonologist.
You kill the kobold demonologist!
The sixfirhy disappears in a puff of smoke!
The crimson imp disappears in a puff of smoke!
You miss the kobold demonologist.
The crimson imp blinks!
The kobold throws a stone.
The stone barely misses you.
The kobold demonologist mumbles some strange words.
The kobold demonologist looks braver for a moment.
The soul eater attacks as you move away!
The soul eater hits you! The kobold hits you but does no damage.
The kobold demonologist hits you but does no damage.
Things that are here:
a +0 dagger; a +0 robe; a kobold corpse You slash the kobold demonologist!
The kobold demonologist is moderately wounded.
You miss the kobold demonologist.
You hit the soul eater but do no damage.
You slash the kobold!
You kill the kobold!
The kobold demonologist hits you but does no damage.
The kobold demonologist mumbles some strange words.
The kobold demonologist hits you but does no damage.
The soul eater hits you!
You feel drained.
You slice the kobold demonologist!!
The kobold demonologist is severely wounded.
You barely miss the crimson imp. You slice the kobold demonologist!!
The kobold demonologist is poisoned.
You closely miss the soul eater. The sixfirhy hits you.
The sixfirhy shocks you!
* * * LOW HITPOINT WARNING * * *
The sixfirhy hits you.
* * * LOW HITPOINT WARNING * * *
The sixfirhy shocks you!
* * * LOW HITPOINT WARNING * * *
The kobold demonologist completely misses you.
You furiously retaliate!
You headbutt the kobold demonologist!
The kobold demonologist casts a spell.
The soul eater completely misses you. The sixfirhy hits you.
* * * LOW HITPOINT WARNING * * *
The sixfirhy shocks you!
You die...

#.#### #.# #
#.#####....#
#.####
#......###.#
#...)) ######.# #
#.....) #.#
#..##### ##.# #.#
#####..###.. #.
##.#..33........#.
#....5K@######..#
...>..KK#
#...38'8#
##.#.#5## # #.#. .
#. ## #. 8+


You could see a soul eater (summoned), a sun demon (summoned), 2 kobold
demonologists, a sixfirhy (summoned), a crimson imp (summoned), an ufetubus
(summoned) and a kobold.

Vanquished Creatures
  The ghost of Iusername the Shield-Bearer, a novice MiFi (D:5)
  Maurice (D:9)
  Maggie (D:7)
  A kobold demonologist (D:10)
  A komodo dragon (D:10)
  2 trolls
  A vampire (D:9)
  A wyvern (D:9)
  8 yaks
  Eustachio (D:5)
  3 steam dragons
  Edmund (D:5)
  A water moccasin (D:9)
  Duvessa (D:5)
  4 orc warriors
  4 ice beasts
  3 sky beasts (D:8)
  2 black bears
  6 phantoms
  A bullfrog (D:3)
  3 gnoll sergeants
  2 scorpions (D:5)
  8 wights
  3 killer bees (D:8)
  Dowan (D:5)
  An electric eel (D:7)
  3 hounds
  3 jellies
  9 orc priests
  A gnoll bouda (D:6)
  4 iguanas
  9 orc wizards
  A mummy (D:5)
  23 gnolls
  9 adders
  A shadow imp (D:5)
  A white imp (D:7)
  2 worms (D:5)
  3 dart slugs
  25 orcs
  8 ball pythons
  7 endoplasms
  4 giant cockroaches
  6 goblins
  6 hobgoblins
  A jackal (D:5)
  2 quokkas
  A bat (D:1)
  2 frilled lizards
  3 hobgoblin zombies (D:5)
  4 kobolds
  A kobold zombie (D:5)
  3 rats
204 creatures vanquished.

Vanquished Creatures (others)
  A gnoll (D:7)
1 creature vanquished.

Grand Total: 205 creatures vanquished

Notes
Turn   | Place    | Note
-------+----------+-------------------------------------------
     0 | D:1      | Iusername the Minotaur Fighter began the quest for the Orb.
     0 | D:1      | Reached XP level 1. HP: 19/19 MP: 0/0
   275 | D:1      | Reached XP level 2. HP: 27/27 MP: 1/1
   986 | D:2      | Reached XP level 3. HP: 31/33 MP: 2/2
  1513 | D:3      | Noticed a bullfrog
  1516 | D:3      | Reached XP level 4. HP: 37/40 MP: 3/3
  1519 | D:3      | Killed a bullfrog
  1531 | D:3      | Reached XP level 5. HP: 46/47 MP: 4/4
  1937 | D:3      | Found a snail-covered altar of Cheibriados.
  2040 | D:3      | Identified the +6 spear "Tucamef" {drain, rF+ rN+ Int+2
                  | Stlth-}
  2608 | D:3      | Found a faded altar of an unknown god.
  2799 | D:4      | Reached skill level 5 in Fighting
  2799 | D:4      | Reached skill level 5 in Shields
  2901 | D:4      | Reached skill level 5 in Armour
  2957 | D:4      | Reached XP level 6. HP: 44/56 MP: 5/5
  3443 | D:5      | Entered Level 5 of the Dungeon
  3534 | D:5      | Noticed an ice beast
  3538 | D:5      | Killed an ice beast
  3630 | D:5      | Reached skill level 5 in Axes
  3634 | D:5      | Found a runed translucent door.
  3635 | D:5      | Noticed Iusername's ghost (novice MiFi)
  3641 | D:5      | Noticed Dowan
  3642 | D:5      | Noticed Duvessa
  3653 | D:5      | Killed Duvessa
  3654 | D:5      | Reached XP level 7. HP: 29/62 MP: 6/6
  3654 | D:5      | Killed Dowan
  4173 | D:5      | Identified the +0 leather armour "Rikyho" {rC+++ Will+++
                  | Str-5 Slay-2}
  4620 | D:5      | Reached XP level 8. HP: 68/71 MP: 7/7
  4665 | D:5      | Noticed Edmund
  4674 | D:5      | Killed Edmund
  4683 | D:5      | Identified 2 scrolls of acquirement
  4683 | D:5      | Acquired the ring of Gukej {EV+4 Dex+4}
  4687 | D:5      | Acquired a +2 buckler of protection
  4701 | D:5      | Noticed a troll
  4713 | D:5      | Killed a troll
  4952 | D:5      | Noticed Eustachio
  4958 | D:5      | Killed Eustachio
  4971 | D:5      | Reached XP level 9. HP: 81/81 MP: 8/8
  5080 | D:5      | Killed Iusername's ghost
  5452 | D:6      | Found a bloodstained altar of Trog.
  5534 | D:6      | Found Rishrou's Overcharged Wands.
  6075 | D:6      | Found an ancient bone altar of Kikubaaqudgha.
  6128 | D:6      | You fall into a shaft and drop 1 floor!
  6140 | D:7      | Noticed Maggie
  6158 | D:7      | Killed Maggie
  7366 | D:7      | Found a hazy altar of Hepliaklqana.
  7393 | D:7      | Reached XP level 10. HP: 76/87 MP: 9/9
  7686 | D:7      | Got Xosas's Writings on Bewitching Snow
  7797 | D:7      | Found a staircase to the Ecumenical Temple.
  8456 | D:8      | Found a staircase to the Lair.
  8543 | D:8      | Reached skill level 10 in Fighting
  8543 | D:8      | Reached skill level 10 in Armour
  8543 | D:8      | Reached skill level 10 in Shields
  9323 | D:9      | Noticed Maurice
  9338 | D:8      | Reached skill level 10 in Axes
  9513 | D:9      | Killed Maurice
 10324 | D:9      | Identified the -2 pair of gloves "Umyof" {-Cast Str+3 SInv}
 10336 | D:9      | Identified the +1 robe "Gablah" {Harm Str+3 Dex+3}
 10816 | D:10     | Entered Level 10 of the Dungeon
 10834 | D:10     | Reached XP level 11. HP: 101/101 MP: 10/10
 10994 | D:10     | Noticed a sixfirhy
 10997 | D:10     | Noticed a soul eater
 10999 | D:10     | Noticed a sixfirhy
 10999 | D:10     | Slain by a sixfirhy

Illustrated notes

Levels and vault maps discovered:
D:1:      lightli_arrival_isolated_outpost, layout_basic, minmay_misc_feat_tiny
D:2:      layout_basic
D:3:      layout_basic, cheibriados_altar_1, nicolae_ecumenical_snake_handling,
          hex_tiny, serial_park_tiny_pond
D:4:      layout_gridville
D:5:      cheibrodos_barr_body, layout_gridville, ebering_ghost_reflecting_pool,
          minmay_mini_ossuary, uniq_edmund, uniq_eustachio, uniq_duvessa
D:6:      layout_loops_ring, mainiacjoe_overflow_swirl,
          nicolae_shop_overcharged_wands
D:7:      layout_rooms, lemuel_doored_altar, minmay_temple_entry_fiery,
          lightli_minifort, uniq_maggie
D:8:      layout_gridville, lair_entry_dummy, hangedman_misty_isle
D:9:      layout_roguey, uniq_maurice
D:10:     layout_loops_ring, jmf_multi_god_temple2,
          kennysheep_orc_monster_closet_entryway, uniq_josephine

Skill      XL: |  1  2  3  4  5  6  7  8  9 10 |
---------------+-------------------------------+-----
Fighting       | 4 5 6 7 9 10 | 10.9
Armour         | 4 5 6 7 9 10 | 10.9
Shields        | 4 5 6 8 9 10 | 10.9
Axes           | 3 4 5 6 7 9 10 | 10.5

Action                   |  1- 3 |  4- 6 |  7- 9 | 10-12 || total
-------------------------+-------+-------+-------+-------++-------
Melee: War axe           |    62 |    73 |       |       ||   135
       Headbutt          |     5 |    17 |    44 |    23 ||    89
       Spear             |       |    21 |   257 |       ||   278
       Battleaxe         |       |       |    20 |   126 ||   146
  Use: Scroll            |     2 |     7 |     5 |     7 ||    21
       Potion            |       |     1 |       |       ||     1
Armor: Scale mail        |    26 |    23 |    44 |       ||    93
       Plate armour      |       |       |    37 |    92 ||   129
Dodge: Dodged            |    34 |    39 |   101 |    86 ||   260
Block: Buckler           |    13 |    18 |    68 |       ||    99

Table legend: (Time is in decaauts)
 A = Elapsed time spent in this place.
 B = Non-inter-level travel time spent in this place.
 C = Inter-level travel time spent in this place.
 D = Time resting spent in this place.
 E = Time spent auto-exploring this place.
 F = Levels seen in this place.
 G = Mean time per level.
                   A        B        C        D        E       F      G
               +--------+--------+--------+--------+--------+-----+--------+
         Total |  11069 |  10835 |    234 |   3729 |   5663 |  10 | 1106.9 |
       Dungeon |  11069 |  10835 |    234 |   3729 |   5663 |  10 | 1106.9 |
               +--------+--------+--------+--------+--------+-----+--------+

Top non-repeatable levels by time:
     D:5: 1711 daAuts
     D:8: 1590 daAuts
     D:9: 1425 daAuts
     D:6: 1357 daAuts
     D:3: 1168 daAuts
     D:7: 1134 daAuts
     D:4: 1050 daAuts
     D:1: 865 daAuts
     D:2: 670 daAuts
    D:10: 96 daAuts
